 Dungeon Crawl Stone Soup version 0.19-a0-975-gfff5315 (webtiles) character file.

234 Ijustatesigmund the Skirmisher (level 5, -1/43 HPs)
             Began as a Demonspawn Fighter on July 13, 2016.
             Slain by a manticore (15 damage)
             ... on level 7 of the Dungeon.
             The game lasted 00:05:11 (3011 turns).

Ijustatesigmund the Skirmisher (Demonspawn Fighter) Turns: 3011, Time: 00:05:13

Health: -1/43      AC: 12    Str: 21    XL:     5   Next: 75%
Magic:  5/5        EV:  9    Int: 10    God:
Gold:   224        SH:  9    Dex: 13    Spells: 0 memorised, 4 levels left

rFire  . . .     SeeInvis .     a - +0 long sword
rCold  . . .     Gourm    .     b - +0 scale mail
rNeg   . . .     Faith    .     c - +0 shield
rPois  .         Spirit   .     (helmet restricted)
rElec  .         Dismiss  .     (no cloak)
rCorr  .         Reflect  .     (no gloves)
SustAt .         Harm     .     q - +2 pair of boots
MR     .....                    (no amulet)
Stlth  ..........               (no ring)
                                e - +3 ring of protection

@: mighty, manticore barbs, not resistant to hostile enchantments, extremely
unstealthy
A: horns 1
a: no special abilities


You were on level 7 of the Dungeon.
You were not hungry.

You visited 1 branch of the dungeon, and saw 5 of its levels.

You collected 224 gold pieces.

Inventory:

Hand Weapons
 a - a +0 long sword (weapon)
Armour
 b - a +0 scale mail (worn)
 c - a +0 shield (worn)
 q - a +2 pair of boots (worn)
Jewellery
 e - a +3 ring of protection (left hand)
Scrolls
 l - 4 scrolls of remove curse
 u - a scroll of recharging
Potions
 i - 6 potions of curing
 j - 2 potions of heal wounds
 n - a potion of magic
 o - a potion of resistance
 p - a potion of flight {unknown}
 t - a potion of cure mutation {unknown}
Comestibles
 f - 5 bread rations
 g - 5 meat rations
 h - 5 fruits
 k - a beef jerky
 m - 3 slices of pizza


   Skills:
 + Level 4.5 Fighting
 + Level 3.2 Long Blades
 - Level 2.6 Armour
 + Level 3.0 Dodging
 - Level 2.6 Shields


You had 4 spell levels left.
You didn't know any spells.

Dungeon Overview and Level Annotations

Branches:
Dungeon (4/15)
 Temple: D:4-7

Altars:
Cheibriados
Dithmenos
Elyvilon
Fedhas
Qazlal
Sif Muna


Innate Abilities, Weirdness & Mutations

You have a pair of small horns on your head.


Message History

The volley of spikes hits you!
The manticore flicks its tail.
The volley of spikes hits you!
The barbed spikes become lodged in your body.
The barbs in your skin will harm you if you move.
Continue?
The barbed spikes dig painfully into your body as you move.
You completely miss the manticore. You headbutt the manticore!
The manticore is lightly wounded.
The manticore bites you! The manticore claws you! The manticore claws you.
You barely miss the manticore.
The manticore is lightly wounded.
The manticore bites you. You block the manticore's attack.
The manticore claws you but does no damage.
You hit the manticore.
The manticore is moderately wounded.
The manticore bites you but does no damage.
You block the manticore's attack.
The manticore claws you but does no damage.
The manticore bites you!
You die...

##.... ....# ##
## ##...# ..
... ....##.###
.. .... >..
#.#.###.##.#
#..........#.#
#.#.##...@H..#
.....(...###..#
##.#.##.## .# #
#?# .. #.# ##
#.# ..# ###


You could see a manticore.

Vanquished Creatures
  A howler monkey (D:4)
  A giant frog skeleton (D:4)
  Ijyb (D:2)
  A hound skeleton (D:4)
  5 adders
  2 worms
  2 dart slugs
  2 giant geckos
  2 orcs (D:4)
  A ball python (D:2)
  3 giant cockroaches
  15 goblins
  8 hobgoblins
  4 jackals (D:4)
  6 kobolds
  2 quokkas (D:2)
  8 bats
  9 rats
73 creatures vanquished.

Notes
Turn   | Place    | Note
-------+----------+-------------------------------------------
     0 | D:1      | Ijustatesigmund the Demonspawn Fighter began the quest for the Orb.
     0 | D:1      | Reached XP level 1. HP: 18/18 MP: 1/1
   182 | D:1      | Gained mutation: You have a pair of small horns on your head. [demonic ancestry]
   182 | D:1      | Reached XP level 2. HP: 22/24 MP: 2/2
   258 | D:1      | Reached skill level 1 in Dodging
   645 | D:1      | Reached XP level 3. HP: 28/29 MP: 3/3
  1019 | D:2      | Found a blossoming altar of Fedhas.
  1032 | D:2      | Found a shadowy altar of Dithmenos.
  1032 | D:2      | Found a snail-covered altar of Cheibriados.
  1239 | D:2      | Noticed Ijyb
  1246 | D:2      | Killed Ijyb
  1246 | D:2      | Reached XP level 4. HP: 30/37 MP: 4/4
  1541 | D:2      | Found a white marble altar of Elyvilon.
  1626 | D:2      | Found a deep blue altar of Sif Muna.
  1736 | D:2      | Reached skill level 4 in Fighting
  2064 | D:3      | Found a faded altar of an unknown god.
  2532 | D:4      | Reached XP level 5. HP: 42/42 MP: 5/5
  2675 | D:4      | Found a stormy altar of Qazlal.
  3004 | D:4      | You fall through a shaft for 3 floors!
  3004 | D:7      | Noticed a manticore
  3011 | D:7      | Slain by a manticore

Vault maps used:
D:1:      dpeg_arrival_round_c, minmay_misc_feat_secret_circle
D:2:      lemuel_doored_altar, nicolae_overflow_hidden_temple,
          gammafunk_temple_overflow_statue, lemuel_crystal_altar, first_bread,
          uniq_iyjb
D:3:      ecumenical_altar_1, minmay_misc_feat_more_columns
D:4:      grunt_qazlal_sundering
D:7:      uniq_pikel

Skill      XL: |  1  2  3  4  5 |
---------------+----------------+-----
Long Blades    | 2 3 |  3.2
Dodging        | 1 2 3 |  3.0
Fighting       | 4 |  4.5
Armour         | |  2.6
Shields        | |  2.6

Action                   |  1- 3 |  4- 6 || total
-------------------------+-------+-------++-------
Melee: Long sword        |   102 |   119 ||   221
       Headbutt          |    18 |    19 ||    37
  Use: Scroll            |       |    13 ||    13
       Potion            |       |     1 ||     1
  Eat: Chunk             |     1 |     6 ||     7
Armor: Scale mail        |    42 |    53 ||    95
Dodge: Dodged            |    30 |    33 ||    63
Block: Shield            |    43 |    50 ||    93
